Map: Thunderbird LE

Players

HerOs - Winner!

  • Race: Terran Terran
  • Spawn Location: 11:00

TiPtOP

  • Race: Terran Terran
  • League: Silver
  • Spawn Location: 5:00

VOD

Have the link to the VOD?

Description

Time

  • Played on: Aug. 18, 2019, 11:01 p.m.
  • Length: 7:22
Show
View Real Time Build Order
Export as new Build Order

HerOs Terran - Winner!

Build Orders: 1/1/1, Banshee Rush 

Get SALT Encoding   

  12  0:01  SCV  
  13  0:13  SCV  
  14  0:17  Supply Depot  
  14  0:25  SCV  
  15  0:28  Refinery  
  15  0:38  SCV  
  16  0:45  Barracks  
  16  0:51  SCV  
  16  0:56  Refinery  
  17  1:03  SCV  
  18  1:15  SCV  
  19  1:32  Orbital Command  
  19  1:33  Reaper  
  19  1:38  Factory  
  20  1:46  Supply Depot  
  20  1:58  SCV  
  21  2:05  Reaper  
  22  2:11  SCV  
  23  2:22  Hellion  
  25  2:24  Starport  
  25  2:26  SCV  
  25  2:29  Supply Depot  
  26  2:37  Reaper  
  26  2:38  SCV  
  26  2:42  Supply Depot  
  28  2:44  Hellion  
  31  3:00  Starport Tech Lab  
  31  3:05  SCV  
  31  3:13  Factory Tech Lab  
  31  3:19  Barracks Reactor  
  31  3:41  Cloaking Field, Banshee  
  31  3:42  Siege Tank  
  31  3:43  SCV  
  34  3:54  Command Center  
  34  3:57  Marine  
  34  3:58  Marine  
  34  4:00  SCV  
  38  4:17  SCV  
  38  4:23  Marine x2  
  38  4:24  Banshee  
  40  4:30  Command Center  
  43  4:36  Supply Depot  
  43  4:41  Marine  
  43  4:42  Marine  
  45  4:58  Siege Tank  
  45  4:59  SCV  
  49  5:11  SCV  
  50  5:16  Starport Reactor  
  50  5:25  SCV  
  50  5:26  Orbital Command  
  51  5:30  Siege Tank  
  54  5:52  Marine  
  54  5:54  SCV x2  
  54  5:55  Orbital Command  
  57  6:00  Barracks  
  57  6:01  Barracks  
  57  6:02  Barracks  
  57  6:06  SCV  
  57  6:09  Marine  
  59  6:39  SCV x2  
  61  6:40  Siege Tank, SCV  
  61  6:43  Marine  
  61  6:45  Medivac x2  
  70  7:01  Marine  
  70  7:03  SCV x2  
  70  7:06  SCV, Supply Depot  
  74  7:14  Barracks Reactor  
  74  7:15  Barracks Reactor  
Show
View Real Time Build Order
Export as new Build Order

TiPtOP Terran 

Build Orders:  

Get SALT Encoding   

  12  0:01  SCV  
  13  0:13  SCV  
  14  0:19  Supply Depot  
  14  0:25  SCV  
  15  0:40  SCV  
  16  0:43  Barracks  
  16  0:53  SCV  
  16  0:54  Supply Depot  
  17  0:58  Refinery  
  17  1:05  SCV  
  18  1:17  SCV  
  19  1:39  Orbital Command  
  19  1:40  Marine  
  20  1:49  Command Center  
  20  2:06  Factory, SCV  
  21  2:15  Bunker  
  21  2:18  SCV  
  22  2:26  Barracks Reactor  
  22  2:28  Barracks Tech Lab  
  22  2:30  SCV  
  22  2:35  Refinery  
  23  2:42  SCV  
  24  2:54  SCV  
  25  3:04  Orbital Command  
  25  3:06  Siege Tank, SCV  
  29  3:18  SCV  
  28  3:59  Siege Tank  
  28  4:00  Marine  
  29  4:18  SCV  
  29  4:20  SCV  
  31  4:30  SCV  
  31  4:31  Siege Tank  
  35  4:32  SCV  
  36  4:47  Factory, SCV  
  36  4:50  Command Center  
  37  4:59  SCV  
  38  5:03  Siege Tank  
  41  5:09  Engineering Bay  
  41  5:11  Marine, Supply Depot  
  41  5:20  Engineering Bay  
  40  5:22  Refinery  
  40  5:24  Refinery  
  38  5:29  Marine  
  34  5:46  Cyclone  
  34  5:47  Marine  
  37  5:51  Missile Turret  
  28  6:06  Missile Turret  
Tags
 
League
Silver
Matchup
TvT
Opening
1/1/1
Race
Terran
Spawn Locations
Cross Positions
Strategy
Banshee Rush
Add a new tag
Caveats
  • Supply blocks, unpowered buildings, or Contaminate may cause inaccurate times.
  • Supply counts are checked every 10 seconds.